 Dungeon Crawl Stone Soup version 0.19.1-1-g22dce08 (webtiles) character file.

8985 Megalobster the Thaumaturge (level 11, -5/55 HPs)
             Began as a Deep Elf Conjurer on Jan 14, 2017.
             Was a Priest of Vehumet.
             Slain by a yak (14 damage)
             ... on level 10 of the Dungeon.
             The game lasted 01:24:46 (13214 turns).

Megalobster the Thaumaturge (Deep Elf Conjurer)    Turns: 13214, Time: 01:24:46

Health: -5/55      AC:  4    Str:  7    XL:     11   Next: 17%
Magic:  9/29       EV: 17    Int: 26    God:    Vehumet [***...]
Gold:   347        SH:  0    Dex: 16    Spells: 8 memorised, 12 levels left

rFire  . . .     SeeInvis .     a - staff of wizardry
rCold  . . .     Gourm    .     d - +0 robe
rNeg   . . .     Faith    .     (no shield)
rPois  .         Spirit   .     (helmet restricted)
rElec  +         Reflect  .     Q - +0 cloak {+Inv}
rCorr  .         Harm     .     L - +0 pair of gloves (curse)
MR     +++++                    o - +0 pair of boots "Urimulee" {MR++} (curse)
Stlth  +++.......               (no amulet)
                                N - ring of Epity {+Inv MR++ Int+4 Dex+3}
                                w - ring of stealth

@: no status effects
A: antennae 1, fangs 1, blurry vision 1, clumsy 1, deformed body, frail 1,
electricity resistance
a: Renounce Religion, Evoke Invisibility


You were on level 10 of the Dungeon.
You worshipped Vehumet.
Vehumet was most pleased with you.
You were not hungry.

You visited 2 branches of the dungeon, and saw 11 of its levels.
You also visited: Sewer.

You collected 734 gold pieces.
You spent 387 gold pieces at shops.

Inventory:

Hand Weapons
 n - a +1 dagger of venom
 A - a +1 falchion of slicing
 W - a +2 quarterstaff of chaos
 Y - the +1 mace of Wyrd {freeze, +Rage MR++ Dex-5}
   (You took it off an orc on level 5 of the Dungeon)

   It has been specially enchanted to freeze those struck by it, causing extra
   injury to most foes and up to half again as much damage against particularly
   susceptible opponents.
   It can also slow down cold-blooded creatures.
   It affects your dexterity (-5).
   It affects your resistance to hostile enchantments.
   It lets you go berserk.
Missiles
 k - 341 stones (quivered)
Armour
 d - a +0 robe (worn)
 o - the cursed +0 pair of boots "Urimulee" (worn) {MR++}
   (You found it on level 7 of the Dungeon)

   It affects your resistance to hostile enchantments.
   It has a curse placed upon it.
 t - a +0 helmet
 v - a +0 pair of gloves
 L - a cursed +0 pair of gloves (worn)
 Q - a +0 cloak of invisibility (worn)
 S - a +0 troll leather armour {Purgy}
Magical Staves
 a - an uncursed staff of wizardry (weapon)
Jewellery
 w - a ring of stealth (left hand)
 C - an uncursed ring of protection from fire
 N - the ring of Epity (right hand) {+Inv MR++ Int+4 Dex+3}
   (You found it on level 9 of the Dungeon)

   [ring of intelligence]

   It affects your intelligence (+4).
   It affects your dexterity (+3).
   It affects your resistance to hostile enchantments.
   It lets you turn invisible.
 O - an uncursed ring of flight
Wands
 i - a wand of acid (6/15)
 s - a wand of flame (23/48)
 F - a wand of confusion (7/48)
 G - a wand of iceblast (5/15)
 I - a wand of disintegration (4/24)
 U - a wand of confusion (26/48)
 V - a wand of slowing (14/48)
Scrolls
 c - 4 scrolls of teleportation
 g - 10 scrolls of identify
 h - 4 scrolls of magic mapping
 j - a scroll of enchant armour {unknown}
 l - 4 scrolls of random uselessness
 m - a scroll of enchant weapon
 H - 2 scrolls of blinking
 M - 8 scrolls of remove curse
 P - 3 scrolls of fog
 R - 2 scrolls of amnesia
 T - a scroll of recharging
Potions
 f - 2 potions of curing
 p - a potion of agility {unknown}
 q - 2 potions of berserk rage {unknown}
 r - 4 potions of lignification
 D - a potion of flight
 K - a potion of ambrosia
Books
 b - a book of Conjurations

   Spells                             Type                      Level
   a - Magic Dart                     Conjuration                  1
   b - Searing Ray                    Conjuration                  2
   c - Dazzling Spray                 Conjuration/Hexes            3
   d - Fulminant Prism                Conjuration/Hexes            4
   e - Iskenderun's Mystic Blast      Conjuration                  4
   f - Iskenderun's Battlesphere      Conjuration/Charms           5
 e - a book of Debilitation

   Spells                             Type                      Level
   a - Corona                         Hexes                        1
   b - Slow                           Hexes                        2
   c - Gell's Gravitas                Hexes/Translocation          3
   d - Inner Flame                    Hexes/Fire                   3
   e - Cause Fear                     Hexes                        4
   f - Leda's Liquefaction            Hexes/Earth                  4
 y - a book of Cantrips

   Spells                             Type                      Level
   a - Confusing Touch                Hexes                        1
   b - Animate Skeleton               Necromancy                   1
   c - Summon Small Mammal            Summoning                    1
   d - Apportation                    Translocation                1
 B - a book of Necromancy

   Spells                             Type                      Level
   a - Pain                           Necromancy                   1
   b - Animate Skeleton               Necromancy                   1
   c - Vampiric Draining              Necromancy                   3
   d - Regeneration                   Charms/Necromancy            3
   e - Animate Dead                   Necromancy                   4
   f - Control Undead                 Necromancy                   4
Comestibles
 u - 3 beef jerkies
 x - 8 slices of pizza
 z - 2 meat rations
 E - 3 bread rations
 J - 3 chunks of flesh


   Skills:
 + Level 4.5 Fighting
 + Level 7.2 Dodging
 - Level 2.4 Stealth
 * Level 12.5 Spellcasting
 + Level 10.5 Conjurations
 - Level 11.1 Charms
 + Level 2.9 Ice Magic


You had 12 spell levels left.
You knew the following spells:

 Your Spells              Type           Power        Failure   Level  Hunger
a - Magic Dart            Conj           ####         1%          1    None
b - Searing Ray           Conj           ######       1%          2    None
c - Iskenderun's Battles  Conj/Chrm      ######..     1%          5    ###....
d - Iskenderun's Mystic   Conj           ######..     1%          4    None
e - Dazzling Spray        Conj/Hex       #####.       1%          3    None
f - Fulminant Prism       Conj/Hex       #####.....   1%          4    None
g - Freeze                Ice            ####         1%          1    None
h - Regeneration          Chrm/Necr      #####.....   1%          3    None


Dungeon Overview and Level Annotations

Branches:
Dungeon (10/15)            Temple (1/1) D:6            Lair (0/6) D:10
    Orc (0/2) D:10

Altars:
Ashenzari
Cheibriados
Dithmenos
Elyvilon
Fedhas
Gozag
Hepliaklqana
Kikubaaqudgha
Makhleb
Nemelex Xobeh
Okawaru
Qazlal
Ru
Sif Muna
Trog
Uskayaw
Vehumet
Xom
Yredelemnul
Zin
The Shining One

Shops:
D:9 *


Innate Abilities, Weirdness & Mutations

You have a pair of small antennae on your head.
You have very sharp teeth.
Scrolls take you a little longer to read.
You are clumsy. (Dex -2)
Armour fits poorly on your strangely shaped body.
You are frail. (-10% HP)
You are resistant to electric shocks. (rElec)


Message History

You see here a spear.
The yak barely misses you.
Things that are here:
a giant club; a spear; a scale mail A bullfrog zombie comes into view.
There is an open door, spattered with blood here.
You see here an arrow.
Things that are here:
an uncursed shortbow; 11 arrows; a centaur corpse The yak gores you!
* * * LOW HITPOINT WARNING * * *
You see here an arrow.
Evoke which item? (* to show all) (? for menu, Esc to quit)
Zapping:
I - a wand of disintegration (will waste charges)
Press: ? - help, Shift-Dir - straight line, f - yak
Aim: a yak (heavily wounded, chance to defeat MR: 65%)
The yak is blasted.
Evoking this partially-identified wand wasted a few charges.
The yak gores you!
You die...

#...## #..############### #....#
#................>
######....######.................
.................................
'#############...................
.............#...................
.............#.....#)###.........
.#####....>..#.....#...#.......##
.#...#.......#..@..##.#######..#.
.#.<.#.......#.Y#####.#8)..8#..#.
.#...#.......#..(...#.#))...#..#.
.#'#'#.......#..#...#.)).>..#..#.
.............#..#...#)#)....#..#.
..........####..#...#)#8...8#..#.
..........#..).##...#)#######..#.
'##'#####'#..).#.....)..+....###.
....).....)....#........#....#...


You could see a yak.

Vanquished Creatures
  A hill giant (D:10)
  2 trolls
  2 two-headed ogres
  Prince Ribbit (D:5)
  A hippogriff (D:9)
  Sigmund (D:5)
  3 yaks (D:10)
  A human (D:7)
  4 hogs (D:7)
  Eustachio (D:6)
  The ghost of TuxedoFelix the Shield-Bearer, an amateur HuFi (D:3)
  Edmund (D:5)
  Purgy (Sewer)
  6 orc warriors
  3 ice beasts
  A sky beast (D:8)
  2 phantoms
  A necrophage (D:8)
  8 ogres
  3 centaurs
  2 big kobolds (D:10)
  2 wyvern zombies
  6 bullfrogs
  6 gnoll sergeants
  4 scorpions
  12 killer bees
  3 howler monkeys (D:10)
  An electric eel (D:9)
  A bullfrog zombie (D:5)
  4 crimson imps
  Crazy Yiuf (D:5)
  6 hounds
  A jelly (D:8)
  A gnoll shaman (D:9)
  4 orc priests
  5 orc wizards
  3 centaur skeletons
  An iguana (D:9)
  Natasha (D:3)
  9 worker ants
  2 hound skeletons
  A howler monkey zombie (D:8)
  A worker ant zombie (D:9)
  9 gnolls
  11 adders
  A shadow imp (D:9)
  3 oozes
  An adder skeleton (D:5)
  2 adder zombies (D:8)
  6 worms
  3 dart slugs
  4 leopard geckos
  50 orcs
  6 giant cockroaches
  18 goblins
  15 hobgoblins
  26 jackals
  7 kobolds
  5 quokkas
  6 ball pythons
  7 bats
  10 frilled lizards
  A jackal skeleton (D:4)
  A jackal zombie (D:7)
  A leopard gecko skeleton (D:4)
  A quokka skeleton (D:8)
  10 rats
325 creatures vanquished.

Vanquished Creatures (others)
  25 fulminant prisms
25 creatures vanquished.

Grand Total: 350 creatures vanquished

Notes
Turn   | Place    | Note
-------+----------+-------------------------------------------
     0 | D:1      | Megalobster the Deep Elf Conjurer began the quest for the Orb.
     0 | D:1      | Reached XP level 1. HP: 10/10 MP: 6/6
   239 | D:1      | Reached XP level 2. HP: 13/15 MP: 4/8
   248 | D:1      | Learned a level 2 spell: Searing Ray
   481 | D:1      | Reached skill level 5 in Conjurations
   594 | D:1      | Reached XP level 3. HP: 18/19 MP: 5/10
  1585 | D:2      | Reached skill level 4 in Spellcasting
  1744 | D:2      | Reached XP level 4. HP: 24/24 MP: 7/12
  2952 | D:3      | Noticed TuxedoFelix's ghost (amateur HuFi)
  2964 | D:3      | Killed TuxedoFelix's ghost
  2964 | D:3      | Reached skill level 5 in Spellcasting
  2964 | D:3      | Reached XP level 5. HP: 3/28 MP: 3/14
  3030 | D:3      | Reached XP level 6. HP: 10/32 MP: 7/15
  3248 | D:3      | Learned a level 5 spell: Iskenderun's Battlesphere
  3253 | D:3      | Learned a level 4 spell: Iskenderun's Mystic Blast
  3257 | D:3      | Learned a level 3 spell: Dazzling Spray
  3462 | D:3      | Reached skill level 1 in Charms
  4007 | D:3      | Found a shadowy altar of Dithmenos.
  4007 | D:3      | Found a sacrificial altar of Ru.
  4108 | D:3      | Noticed Natasha
  4112 | D:3      | Killed Natasha
  4784 | D:4      | Reached XP level 7. HP: 36/36 MP: 14/17
  4895 | D:4      | Reached skill level 6 in Spellcasting
  5394 | D:4      | Reached skill level 5 in Charms
  5977 | D:4      | Learned a level 4 spell: Fulminant Prism
  6174 | D:5      | Entered Level 5 of the Dungeon
  6202 | D:5      | Found an iron altar of Okawaru.
  6347 | D:5      | Reached XP level 8. HP: 38/41 MP: 11/20
  6389 | D:5      | Reached skill level 7 in Spellcasting
  6434 | D:5      | Found a shimmering altar of Xom.
  6436 | D:5      | Found a hazy altar of Hepliaklqana.
  6437 | D:5      | Noticed a spectral ugly thing
  6448 | D:5      | Noticed Edmund
  6455 | D:5      | Killed Edmund
  6566 | D:5      | Found a glowing drain.
  6581 | Sewer    | Entered a sewer
  6668 | Sewer    | Noticed Purgy
  6676 | Sewer    | Killed Purgy
  6975 | D:5      | Found a runed door.
  6984 | D:5      | Noticed Crazy Yiuf
  6988 | D:5      | Killed Crazy Yiuf
  7024 | D:5      | Got a bloodstained mace
  7035 | D:5      | Got a steaming mace
  7060 | D:5      | Got a pitted mace {freeze}
  7070 | D:5      | Identified the cursed +1 mace of Wyrd {freeze, +Rage MR++ Dex-5} (You took it off an orc on level 5 of the Dungeon)
  7165 | D:5      | Noticed Sigmund
  7170 | D:5      | Killed Sigmund
  7288 | D:5      | Noticed Prince Ribbit
  7289 | D:5      | Killed Prince Ribbit
  7289 | D:5      | Reached skill level 8 in Spellcasting
  7880 | D:6      | Gained mutation: You are partially covered in yellow scales. (AC +2) [potion of mutation]
  7880 | D:6      | Gained mutation: You regenerate slowly when monsters are visible. [potion of mutation]
  7880 | D:6      | Gained mutation: You do not regenerate when monsters are visible. [potion of mutation]
  7887 | D:6      | Lost mutation: You do not regenerate when monsters are visible. [potion of cure mutation]
  7887 | D:6      | Lost mutation: You regenerate slowly when monsters are visible. [potion of cure mutation]
  7887 | D:6      | Lost mutation: You are partially covered in yellow scales. (AC +2) [potion of cure mutation]
  7927 | D:6      | Reached XP level 9. HP: 46/46 MP: 16/23
  7949 | D:6      | Noticed Eustachio
  7957 | D:6      | Killed Eustachio
  7957 | D:6      | Reached skill level 1 in Fighting
  8223 | D:6      | Reached skill level 9 in Spellcasting
  8229 | D:6      | Found an ancient bone altar of Kikubaaqudgha.
  8230 | D:6      | Found a staircase to the Ecumenical Temple.
  8338 | Temple   | Entered the Ecumenical Temple
  8381 | Temple   | Became a worshipper of Vehumet
  8853 | D:6      | Reached skill level 10 in Charms
  9165 | D:7      | Found a burning altar of Makhleb.
  9175 | D:7      | Got a pair of translucent boots
  9186 | D:7      | Identified the cursed +0 pair of boots "Urimulee" {MR++} (You found it on level 7 of the Dungeon)
  9213 | D:7      | Found a radiant altar of Vehumet.
  9811 | D:7      | Reached skill level 10 in Spellcasting
  9814 | D:7      | Reached skill level 5 in Dodging
  9975 | D:7      | Reached * piety under Vehumet
  9975 | D:7      | Offered knowledge of Freeze by Vehumet.
 10135 | D:7      | Reached XP level 10. HP: 55/55 MP: 22/26
 10401 | D:7      | Learned a level 1 spell: Freeze
 10722 | D:8      | Found a white marble altar of Elyvilon.
 10722 | D:8      | Found a stormy altar of Qazlal.
 10732 | D:8      | Found a shattered altar of Ashenzari.
 10734 | D:8      | Found a faded altar of an unknown god.
 10735 | D:8      | Found a glowing golden altar of the Shining One.
 10859 | D:8      | Gained mutation: You have a pair of small antennae on your head. [mutagenic meat]
 10870 | D:8      | Gained mutation: You are frail. (-10% HP) [potion of mutation]
 10870 | D:8      | Gained mutation: You have very sharp teeth. [potion of mutation]
 10870 | D:8      | Gained mutation: You are resistant to electric shocks. (rElec) [potion of mutation]
 10896 | D:8      | Gained mutation: You are clumsy. (Dex -2) [potion of mutation]
 10896 | D:8      | Gained mutation: Armour fits poorly on your strangely shaped body. [potion of mutation]
 10896 | D:8      | Gained mutation: Scrolls take you a little longer to read. [potion of mutation]
 11453 | D:9      | Reached skill level 11 in Spellcasting
 11497 | D:9      | Reached skill level 10 in Conjurations
 11789 | D:9      | Reached ** piety under Vehumet
 11794 | D:9      | Offered knowledge of Sandblast by Vehumet.
 11852 | D:9      | Found an opulent altar of Gozag.
 11853 | D:9      | Found a sparkling altar of Nemelex Xobeh.
 11995 | D:9      | Got a vibrating glass ring
 12013 | D:9      | Found Xul Ciup's Assorted Antiques.
 12025 | D:9      | Identified the ring of Epity {+Inv MR++ Int+4 Dex+3} (You found it on level 9 of the Dungeon)
 12026 | D:9      | Bought a scroll of remove curse for 75 gold pieces
 12026 | D:9      | Bought an embroidered cloak for 262 gold pieces
 12026 | D:9      | Bought a scroll of identify for 50 gold pieces
 12078 | D:9      | Reached skill level 1 in Ice Magic
 12111 | D:9      | Learned a level 3 spell: Regeneration
 12271 | D:10     | Entered Level 10 of the Dungeon
 12369 | D:10     | Noticed a hill giant
 12375 | D:10     | Killed a hill giant
 12620 | D:10     | Reached skill level 12 in Spellcasting
 12688 | D:10     | Found a staircase to the Lair.
 12770 | D:10     | Found a staircase to the Orcish Mines.
 12784 | D:10     | Offered knowledge of Conjure Flame by Vehumet.
 12786 | D:10     | Reached XP level 11. HP: 47/54 MP: 13/29
 12798 | D:10     | Reached *** piety under Vehumet
 13214 | D:10     | Slain by a yak

Skill      XL: |  1  2  3  4  5  6  7  8  9 10 |
---------------+-------------------------------+-----
Conjurations   | 5 7 8 9 10 | 10.5
Spellcasting   | 4 5 6 8 10 12 | 12.5
Charms         | 3 6 9 10 11 | 11.1
Dodging        | 3 5 7 |  7.2
Fighting       | 2 4 |  4.5
Ice Magic      | 2 |  2.9
Stealth        | |  2.4

Action                   |  1- 3 |  4- 6 |  7- 9 | 10-12 || total
-------------------------+-------+-------+-------+-------++-------
Melee: Short sword       |    11 |       |       |       ||    11
       War axe           |     1 |       |       |       ||     1
       Falchion          |       |     2 |    12 |       ||    14
       Quarterstaff      |       |       |     2 |       ||     2
       Mace              |       |       |     1 |       ||     1
       Staff             |       |       |       |     2 ||     2
Throw: Stone             |     1 |       |       |     1 ||     2
 Cast: Magic Dart        |    65 |   100 |   161 |   105 ||   431
       Searing Ray       |     8 |    16 |    40 |    20 ||    84
       Dazzling Spray    |       |     2 |     1 |     1 ||     4
       Iskenderun's Myst |       |       |     7 |     2 ||     9
       Iskenderun's Batt |       |       |    19 |    31 ||    50
       Fulminant Prism   |       |       |     7 |    18 ||    25
       Regeneration      |       |       |       |     1 ||     1
Evoke: Wand              |       |       |       |     1 ||     1
  Use: Scroll            |     4 |     2 |     6 |       ||    12
       Potion            |       |       |    12 |     2 ||    14
  Eat: Chunk             |     2 |     5 |     7 |    12 ||    26
       Bread ration      |     1 |       |     3 |       ||     4
       Beef jerky        |       |     1 |       |       ||     1
       Pizza             |       |       |     1 |       ||     1
       Fruit             |       |       |     1 |     2 ||     3
Armor: Robe              |     2 |     4 |    36 |     6 ||    48
Dodge: Dodged            |    18 |    10 |    99 |    37 ||   164
       Rpst.: Falchion   |       |     1 |     3 |       ||     4
